 Dungeon Sprint DCSS version 0.31-a0-845-g9abc20d24f (webtiles) character file.

Game seed: 2350817196874711584

19784 Danienth the Minotaur Blade (level 12, -8/181 HPs)
             Began as a Minotaur Fighter on Oct 2, 2023.
             Was a High Priest of Okawaru.
             Mangled by a searing wretch (14 damage)
             ... in the Dungeon (Sprint V: "Ziggurat Sprint").
             The game lasted 00:36:11 (1941 turns).

Danienth the Minotaur Blade (Minotaur Fighter)      Turns: 1941, Time: 00:36:11

Health: -8/181     AC: 28    Str: 20    XL:     12   Next: 39%
Magic:  19/21      EV: 15    Int:  8    God:    Okawaru [*****.]
Gold:   0          SH: 29    Dex: 20    Spells: 0/24 levels left

rFire   + . .        F - +9 sword of Zonguldrok {reap}
rCold   + . .        J - +7 tower shield
rNeg    + . .        G - +5 shadow dragon scales
rPois   +            (helmet restricted)
rElec   +            U - +2 cloak {Will+}
rCorr   +            (no gloves)
SInv    .            (no boots)
Will    +++..        T - necklace of Bloodlust {Fury *Rage Will++ Int-3 Slay+6} Stlth
                     n - ring "Kacvimet" {rN+ Dex+4}
HPRegen 0.50/turn    v - +6 ring of intelligence
MPRegen 0.17/turn

%: no teleportation, random rage (50%)
@: berserking, resistant, heroic, weakened, studying Armour, very quick
A: horns 2, retaliatory headbutt
a: Renounce Religion, Heroism, Finesse


You were in the Dungeon.
You worshipped Okawaru.
Okawaru was extremely pleased with you.
You visited 1 branch

Inventory:

Hand Weapons
 a - the +7 dire flail "Dragonslayer" {vamp, rPois}
   (You found it in the Dungeon)

   rPois:     It protects you from poison
 b - the +10 zealot's sword {holy, Zealotry, *Rage rN+ EV+3}
   (You found it in the Dungeon)

   Zealotry:  Whenever the wielder enters a berserk rage, their allies are
   berserked alongside them.
   EV+3:      It affects your evasion (+3).
   rN+:       It protects you from negative energy.
   *Rage:     It berserks you when you make melee attacks (+20% chance).
 c - a +5 spectral triple sword
 z - the +0 great mace "Hayr" {flame, Int+4}
   (You found it in the Dungeon)

   Int+4:     It affects your intelligence (+4).
 B - the +11 Singing Sword {sonic wave}
   (You found it in the Dungeon)
 C - the +9 lance "Wyrmbane" {slay drac, rPois rF+ rC+ AC+3}
   (You found it in the Dungeon)

   AC+3:      It affects your AC (+3).
   rF+:       It protects you from fire.
   rC+:       It protects you from cold.
   rPois:     It protects you from poison
 E - the +9 sword of Power {lifebolt}
   (You found it in the Dungeon)
 F - the +9 sword of Zonguldrok (weapon) {reap}
   (You found it in the Dungeon)
 M - the +7 dagger of Heinn {drain, rF+ Str+3 Dex+5}
   (You found it in the Dungeon)

   Str+3:     It affects your strength (+3).
   Dex+5:     It affects your dexterity (+5).
   rF+:       It protects you from fire.
 W - the +5 glaive "Tiashreni" {venom, Int+3 SInv}
   (You found it in the Dungeon)

   Int+3:     It affects your intelligence (+3).
   SInv:      It lets you see invisible.
Missiles
 Z - 2 atropa-tipped darts
Armour
 D - +5 gold dragon scales
 G - +5 shadow dragon scales (worn)
 J - a +7 tower shield (worn)
 U - a +2 cloak of willpower (worn)
Jewellery
 n - the ring "Kacvimet" (left hand) {rN+ Dex+4}
   (You found it in the Dungeon)

   [ring of positive energy]

   Dex+4:     It affects your dexterity (+4).
   rN+:       It protects you from negative energy.
 s - a ring of flight
 t - a +6 ring of dexterity
 u - a +6 ring of dexterity
 v - a +6 ring of intelligence (right hand)
 w - a +6 ring of intelligence
 x - a +6 ring of strength
 y - a +6 ring of strength
 K - a ring of ice
 N - the amulet "Coufof" {Acrobat rC+}
   (You found it in the Dungeon)

   [amulet of the acrobat]

   Acrobat:   It increases your evasion while moving and waiting.
   rC+:       It protects you from cold.
 O - the amulet of the Air {Inacc Air Fly rElec RMsl}
   (You found it in the Dungeon)

   [amulet of nothing]

   Inacc:     It reduces the accuracy of your attacks and spells.
   Air:       It enhances your air magic.
   rElec:     It insulates you from electricity.
   Fly:       It grants you flight.
   RMsl:      It protects you from missiles.
 T - the necklace of Bloodlust (around neck) {Fury *Rage Will++ Int-3 Slay+6}
   (You found it in the Dungeon)

   [amulet of nothing]

   Fury:      It extends the wearer's berserk rage when killing foes.
   Int-3:     It affects your intelligence (-3).
   Slay+6:    It affects your accuracy & damage with ranged weapons and melee
   (+6).
   Will++:    It greatly increases your willpower.
   *Rage:     It berserks you when you make melee attacks (+50% chance).
 V - a +5 ring of evasion
 Y - a +6 ring of dexterity
Wands
 H - a wand of digging (7)
 L - a wand of roots (12)
 Q - a wand of flame (14) (quivered)
 S - a wand of paralysis (10)
 X - a wand of mindburst (6)
Scrolls
 j - 4 scrolls of blinking
 o - 4 scrolls of amnesia
 p - 5 scrolls of fog
 q - 5 scrolls of identify
 r - a scroll of fear
Potions
 d - 3 potions of might
 e - 9 potions of curing
 f - a potion of heal wounds
 g - a potion of haste
 h - 7 potions of magic
 i - 3 potions of berserk rage
 k - 2 potions of brilliance
 l - a potion of invisibility
 m - a potion of resistance


   Skills:
 - Level 15.5(20.5) Fighting
 - Level 21.3(26.3) Long Blades
 * Level 3.3(8.3) Maces & Flails
 - Level 2.1(7.1) Polearms
 - Level 1.0(6.0) Throwing
 - Level 13.3(18.3) Armour
 + Level 9.5(14.5) Dodging
 - Level 7.3(12.3) Stealth
 - Level 13.0(18.0) Shields
 - Level 6.9 Spellcasting
 * Level 3.9 Ice Magic
 * Level 4.1 Earth Magic
 - Level 5.7 Invocations
 - Level 4.8 Evocations


You couldn't memorise any spells.
You knew the following spells:

 Your Spells              Type           Power      Damage    Failure   Level
a - Static Discharge      Conj/Air       4%         2-3/arc   97%         2
b - Ozocubu's Armour      Ice            9%         N/A       77%         3
c - Leda's Liquefaction   Hex/Erth       3%         N/A       100%        4
d - Shatter               Erth           4%         3d8*      100%        9
e - Manifold Assault      Tloc           2%         N/A       100%        4
f - Lesser Beckoning      Tloc           4%         N/A       97%         2

Your spell library contained the following spells:

 Spells                   Type           Power      Damage    Failure   Level
 Freeze                   Ice            36%        1d5       38%         1
 Frozen Ramparts          Ice            18%        1d3       77%         3
 Hailstorm                Conj/Ice       5%         3d4       95%         3
 Stone Arrow              Conj/Erth      12%        3d7       95%         3
 Gell's Gravitas          Tloc           2%         N/A       99%         3
 Sigil of Binding         Hex            2%         N/A       99%         3
 Teleport Other           Tloc           2%         N/A       99%         3
 Dimensional Bullseye     Hex/Tloc       1%         N/A       100%        4
 Petrify                  Tmut/Erth      6%         N/A       100%        4
 Metabolic Englaciation   Hex/Ice        2%         N/A       100%        5
 Conjure Ball Lightning   Conj/Air       1%         3x3d6     100%        6
 Dispersal                Tloc           1%         N/A       100%        6
 Orb of Destruction       Conj           1%         9d5       100%        7
 Discord                  Hex            1%         N/A       100%        8
 Disjunction              Tloc           1%         N/A       100%        8
 Chain Lightning          Conj/Air       1%         3d1       100%        9
 Fire Storm               Conj/Fire      1%         7d1       100%        9
 Summon Small Mammal      Summ           Unusable   N/A       N/A         1
 Call Canine Familiar     Summ           Unusable   N/A       N/A         3
 Summon Guardian Golem    Hex/Summ       Unusable   N/A       N/A         3
 Summon Ice Beast         Ice/Summ       Unusable   N/A       N/A         4
 Simulacrum               Ice/Necr       Unusable   N/A       N/A         6

Dungeon Overview and Level Annotations

Branches:
Dungeon (1/1)

Altars:
Ashenzari
Cheibriados
Dithmenos
Elyvilon
Fedhas
Gozag
Hepliaklqana
Kikubaaqudgha
Makhleb
Nemelex Xobeh
Okawaru
Qazlal
Ru
Sif Muna
Trog
Uskayaw
Vehumet
Wu Jian
Xom
Yredelemnul
Zin
The Shining One
Jiyva
Lugonu

Annotations:
D 1 transporter


Innate Abilities, Weirdness & Mutations

You have a pair of horns on your head.
You reflexively headbutt those who attack you in melee.


Message History

You block the searing wretch's attack.
The searing wretch completely misses you.
You block the searing wretch's attack.
Hit: F) +9 sword of Zonguldrok {reap}
Press: ? - help, Dir - move target, f/p - fire giant
Aim: a fire giant, wielding a +1 great sword of flaming (purple smoke, moderately wounded, about 9% to evade the +9 sword of Zonguldrok)
You slice the fire giant!!
The fire giant is heavily wounded.
You are covered in liquid flames!
* * * LOW HITPOINT WARNING * * *
You are no longer on fire.
The salamander tyrant calls gouts of flame from the lava!
The flame surge hits you! You resist.
* * * LOW HITPOINT WARNING * * *
The fire giant barely misses you.
You are too berserk!
You are too berserk!
Hit: F) +9 sword of Zonguldrok {reap}
Press: ? - help, Dir - move target, f/p - fire giant
Aim: a fire giant, wielding a +1 great sword of flaming (purple smoke, heavily wounded, about 9% to evade the +9 sword of Zonguldrok)
You slice the fire giant!!
The fire giant is severely wounded.
You block the balrug's attack. You block the searing wretch's attack.
The searing wretch claws you but does no damage.
You block the searing wretch's attack. The fire giant barely misses you.
You furiously retaliate!
You headbutt the fire giant!
Hit: F) +9 sword of Zonguldrok {reap}
Press: ? - help, Dir - move target, f/p - fire giant
Aim: a fire giant, wielding a +1 great sword of flaming (purple smoke, severely wounded, about 9% to evade the +9 sword of Zonguldrok)
You hit the fire giant.
The fire giant is severely wounded.
The salamander tyrant calls gouts of flame from the lava!
The flame surge hits you! You resist.
* * * LOW HITPOINT WARNING * * *
You block the balrug's attack. You block the fire giant's attack. x2
You block the searing wretch's attack.
The searing wretch claws you but does no damage.
The searing wretch closely misses you. You block the searing wretch's attack.
The searing wretch claws you!
You die...

▓.h..8©8....▓▓.8©8.▓.8
▓..||[}=||..▓▓...|.▓.|
▓..=/:))N)..▓▓..|..▓..
▓...........▓▓.....▓..
▓.....Ln....▓▓.....▓..
▓......2C...▓▓.))..▓..
▓..hN§LY....▓▓..©..▓..
▓...CnnY§...▓▓▓▓▓▓▓▓▓▓
▓..§C@2N§§..▓..8©8...▓
▓.§§§§§§§...▓...%....▓
▓..§.§§§§...▓...|....▓
▓▓▓▓▓▓▓▓▓▓▓▓▓........▓
▓....8©8....▓........▓
▓..=|).).|..▓.▓....▓.▓
▓...[.)||[..▓...©....▓
▓...........▓▓▓▓▓▓▓▓▓▓
▓...........▓...8©8...


You could see 2 hellephants, 2 searing wretches, 3 fire giants, a stoker, 2
balrugs, 2 salamander tyrants and a hell hog.

Vanquished Creatures
  A searing wretch (D)
  A shadow dragon (D)
  A fire dragon (D)
  An ice dragon (D)
  4 hydras (D)
  A spriggan air mage (D)
  A catoblepas (D)
  A soul eater (D)
  2 deep elf knights (D)
  3 death drakes (D)
  2 swamp dragons (D)
  A deep elf archer (D)
  A deep elf pyromancer (D)
  2 elephants (D)
  A cane toad (D)
  2 rime drakes (D)
  A komodo dragon (D)
  6 merfolk (D)
  A wind drake (D)
  A tarantella (D)
  An air elemental (D)
  2 spriggans (D)
  2 wyverns (D)
  2 golden eyes (D)
  A fire elemental (D)
  3 steam dragons (D)
  A water moccasin (D)
  3 acid dragons (D)
  3 swamp drakes (D)
  A black bear (D)
  A wolf (D)
  A centaur (D)
  2 phantoms (D)
  3 scorpions (D)
  5 necrophages (D)
  4 wights (D)
  A crimson imp (D)
  A quasit (D)
  An orc wizard (D)
  3 white imps (D)
  A spectral adder (D)
  3 adder skeletons (D)
  3 adder zombies (D)
  An orc (D)
  A bat skeleton (D)
  3 bat zombies (D)
  An endoplasm (D)
  3 ball python skeletons (D)
  A jackal skeleton (D)
  2 quokka skeletons (D)
  2 quokka zombies (D)
  2 spectral ball pythons (D)
  A spectral quokka (D)
99 creatures vanquished.

Vanquished Creatures (others)
  An acid dragon (D)
  A swamp drake (D)
2 creatures vanquished.

Grand Total: 101 creatures vanquished

Notes
Turn   | Place    | Note
-------+----------+-------------------------------------------
     0 | D        | Danienth the Minotaur Fighter began the quest for the Orb.
     0 | D        | Reached XP level 1. HP: 19/19 MP: 0/0
     0 | D        | Found a shimmering blue altar of Sif Muna.
     0 | D        | Found a sacrificial altar of Ru.
     0 | D        | Found a bloodstained altar of Trog.
     0 | D        | Found a stormy altar of Qazlal.
     0 | D        | Found an iron altar of Okawaru.
     0 | D        | Found a sparkling altar of Nemelex Xobeh.
     0 | D        | Found a blossoming altar of Fedhas.
     0 | D        | Found the +6 Majin-Bo {spellvamp, MP+6 Int+6}
     0 | D        | Found the +27 heavy crossbow "Sniper" {heavy, Acc+∞ SInv}
     0 | D        | Found the +10 dark maul {heavy}
     0 | D        | Found the +15 Maxwell's patent armour {-Cast -Tele rElec
                  | Will+ rCorr}
     0 | D        | Found the +18 shield of the Gong {Loud rN+ Will+ rCorr
                  | EV-5}
     0 | D        | Found the +16 obsidian axe {drain, demonic, Mesm Drain Fly
                  | SInv}
     0 | D        | Found the +7 great mace "Firestarter" {flame, immolate,
                  | rFlCloud rF++}
     0 | D        | Found the +6 shillelagh "Devastator" {shatter}
     0 | D        | Found the +11 plutonium sword {Contam Stlth-}
     0 | D        | Found the +8 lance "Wyrmbane" {slay drac, rPois rF+ rC+
                  | AC+3}
     0 | D        | Found the +9 sword of Zonguldrok {reap}
     0 | D        | Found the +13 scythe of Curses {drain, curses, Drain}
     0 | D        | Found the +9 sword of Power {lifebolt}
     0 | D        | Found the +7 mace of Variability {chaos, chaos arc}
     0 | D        | Found the +11 Singing Sword {sonic wave}
     0 | D        | Found the +8 storm bow {elec, penet}
     2 | D        | Found a transporter.
     2 | D        | Found an ancient bone altar of Kikubaaqudgha.
     2 | D        | Found a viscous altar of Jiyva.
     2 | D        | Found a corrupted altar of Lugonu.
     2 | D        | Found a hazy altar of Hepliaklqana.
     2 | D        | Found a burning altar of Makhleb.
     2 | D        | Found an opulent altar of Gozag.
    68 | D        | Became a worshipper of Warmaster Okawaru
    76 | D        | Entered arena 2.
    76 | D        | Noticed an orc wizard
    76 | D        | Found a transporter.
    79 | D        | Killed an orc wizard
    80 | D        | Reached skill level 5 in Fighting
    80 | D        | Reached skill level 3 in Long Blades
    80 | D        | Reached skill level 5 in Armour
    80 | D        | Reached skill level 5 in Shields
    80 | D        | Reached XP level 2. HP: 29/29 MP: 1/1
    85 | D        | Got the Volume of the Missiles
    88 | D        | Entered arena 3.
    88 | D        | Noticed a golden eye
    88 | D        | Noticed a golden eye
    88 | D        | Found a transporter.
    94 | D        | Killed a golden eye
    94 | D        | Reached * piety under Okawaru
    95 | D        | Reached skill level 9 in Long Blades
    95 | D        | Reached XP level 3. HP: 33/36 MP: 2/2
    95 | D        | Reached XP level 4. HP: 38/42 MP: 3/3
    95 | D        | Reached XP level 5. HP: 44/48 MP: 4/4
   100 | D        | Reached skill level 10 in Long Blades
   111 | D        | Killed a golden eye
   112 | D        | Reached skill level 12 in Long Blades
   112 | D        | Reached XP level 6. HP: 49/56 MP: 5/5
   140 | D        | Entered arena 4.
   140 | D        | Noticed a spriggan
   140 | D        | Noticed a spriggan
   140 | D        | Found a transporter.
   145 | D        | Reached ** piety under Okawaru
   145 | D        | Killed a spriggan
   146 | D        | Reached skill level 15 in Long Blades
   146 | D        | Reached XP level 7. HP: 49/61 MP: 6/6
   148 | D        | Killed a spriggan
   149 | D        | Reached skill level 16 in Long Blades
   149 | D        | Reached skill level 1 in Dodging
   149 | D        | Reached skill level 5 in Stealth
   216 | D        | Entered arena 5.
   216 | D        | Noticed a tarantella
   216 | D        | Found a transporter.
   219 | D        | Reached *** piety under Okawaru
   220 | D        | Reached skill level 17 in Long Blades
   221 | D        | Killed a tarantella
   222 | D        | Reached XP level 8. HP: 61/68 MP: 7/7
   224 | D        | Reached skill level 18 in Long Blades
   248 | D        | Got the +7 dagger of Heinn {drain, rF+ Str+3 Dex+5}
   251 | D        | Got the +4 battleaxe of the Mauling Gods {venom, rPois
                  | Int-5 Dex+3}
   253 | D        | Entered arena 6.
   253 | D        | Found the amulet of the Air {Inacc Air Fly rElec RMsl}
   253 | D        | Found a transporter.
   260 | D        | Reached skill level 1 in Evocations
   274 | D        | Entered arena 7.
   275 | D        | Found a transporter.
   305 | D        | Entered arena 8.
   305 | D        | Noticed a deep elf pyromancer
   305 | D        | Noticed a deep elf archer
   305 | D        | Noticed an air elemental
   305 | D        | Noticed a deep elf knight
   305 | D        | Noticed a deep elf knight
   305 | D        | Paralysed by an air elemental for 1 turns
   307 | D        | Reached skill level 5 in Dodging
   307 | D        | Reached XP level 9. HP: 51/79 MP: 5/9
   312 | D        | Killed a deep elf knight
   313 | D        | Reached skill level 19 in Long Blades
   314 | D        | Paralysed by an air elemental for 1 turns
   318 | D        | Paralysed by an air elemental for 1 turns
   328 | D        | Paralysed by an air elemental for 1 turns
   335 | D        | Killed a deep elf knight
   336 | D        | Reached skill level 20 in Long Blades
   336 | D        | Reached skill level 1 in Polearms
   337 | D        | Killed a deep elf archer
   337 | D        | Reached **** piety under Okawaru
   338 | D        | Reached XP level 10. HP: 25/86 MP: 5/11
   338 | D        | Paralysed by an air elemental for 1 turns
   342 | D        | Killed a deep elf pyromancer
   342 | D        | Paralysed by an air elemental for 1 turns
   343 | D        | Reached skill level 21 in Long Blades
   633 | D        | Found a transporter.
   643 | D        | Got the +5 great sword of Termination {venom, MP+9 Str-3
                  | Int+3 Stlth+}
   652 | D        | Entered arena 9.
   652 | D        | Found the necklace of Bloodlust {Fury *Rage Will++ Int-3
                  | Slay+6}
   655 | D        | Found a transporter.
   713 | D        | Entered arena 10.
   720 | D        | Found a transporter.
   722 | D        | Reached skill level 1 in Spellcasting
   726 | D        | Reached ***** piety under Okawaru
   842 | D        | Entered arena 11.
   849 | D        | Found a transporter.
   856 | D        | Reached skill level 10 in Fighting
   870 | D        | Got the +0 great mace "Hayr" {flame, Int+4}
   879 | D        | Got the +5 glaive "Tiashreni" {venom, Int+3 SInv}
   891 | D        | Entered arena 12.
   891 | D        | Noticed a death drake
   892 | D        | Noticed a swamp dragon
   893 | D        | Noticed a death drake
   894 | D        | Noticed an ice dragon
   897 | D        | Found a transporter.
   897 | D        | Noticed a swamp dragon
   903 | D        | Received a gift from Okawaru
   905 | D        | Killed a death drake
   906 | D        | Reached skill level 1 in Throwing
   906 | D        | Reached XP level 11. HP: 92/102 MP: 11/15
   906 | D        | Killed a swamp dragon
   908 | D        | Killed a death drake
   909 | D        | Killed a swamp dragon
   912 | D        | Killed an ice dragon
   913 | D        | Reached skill level 10 in Armour
   913 | D        | Reached skill level 10 in Shields
   978 | D        | Entered arena 13.
   978 | D        | Found the +10 zealot's sword {holy, Zealotry, *Rage rN+
                  | EV+3}
   978 | D        | Noticed a fire dragon
   983 | D        | Noticed a death drake
   984 | D        | Noticed a six-headed hydra
   989 | D        | Reached skill level 5 in Spellcasting
   993 | D        | Killed a fire dragon
   993 | D        | Received a gift from Okawaru
   998 | D        | Killed a six-headed hydra
  1000 | D        | Killed a death drake
  1186 | D        | Found a transporter.
  1216 | D        | Got the +7 dire flail "Dragonslayer" {vamp, rPois}
  1226 | D        | Got the ring "Kacvimet" {rN+ Dex+4}
  1235 | D        | Entered arena 14.
  1236 | D        | Noticed a catoblepas
  1236 | D        | Noticed a six-headed hydra
  1236 | D        | Noticed a spriggan air mage
  1237 | D        | Noticed a four-headed hydra
  1238 | D        | Noticed a seven-headed hydra
  1247 | D        | Killed a spriggan air mage
  1253 | D        | Killed a six-headed hydra
  1254 | D        | Reached skill level 5 in Invocations
  1258 | D        | Killed a four-headed hydra
  1258 | D        | Received a gift from Okawaru
  1262 | D        | Killed a seven-headed hydra
  1263 | D        | Reached skill level 15 in Fighting
  1263 | D        | Reached XP level 12. HP: 119/119 MP: 14/21
  1283 | D        | Killed a catoblepas
  1648 | D        | Found a transporter.
  1667 | D        | Got the amulet "Coufof" {Acrobat rC+}
  1675 | D        | Learned a level 2 spell: Static Discharge
  1679 | D        | Learned a level 3 spell: Ozocubu's Armour
  1684 | D        | Learned a level 4 spell: Leda's Liquefaction
  1694 | D        | Learned a level 9 spell: Shatter
  1699 | D        | Learned a level 4 spell: Manifold Assault
  1702 | D        | Learned a level 2 spell: Lesser Beckoning
  1706 | D        | Entered arena 15.
  1714 | D        | Noticed a shadow dragon
  1718 | D        | Reached skill level 1 in Ice Magic
  1718 | D        | Reached skill level 1 in Earth Magic
  1738 | D        | Killed a shadow dragon
  1897 | D        | Found a transporter.
  1921 | D        | Entered arena 16.
  1923 | D        | Noticed a fire giant
  1923 | D        | Noticed a stoker
  1923 | D        | Noticed a fire giant
  1923 | D        | Noticed a hellephant
  1923 | D        | Noticed a searing wretch
  1923 | D        | Noticed a salamander tyrant
  1923 | D        | Noticed a balrug
  1923 | D        | Found the +8 Wrath of Trog {antimagic, *Rage Rampage}
  1925 | D        | Noticed a salamander tyrant
  1925 | D        | Noticed a searing wretch
  1925 | D        | Noticed a hell hog
  1925 | D        | Noticed a hellephant
  1925 | D        | Noticed a fire giant
  1925 | D        | Noticed a searing wretch
  1925 | D        | Noticed a balrug
  1927 | D        | Found a transporter.
  1936 | D        | Killed a searing wretch
  1941 | D        | HP: 6/181 [salamander tyrant/flame surge (14)]
  1941 | D        | Mangled by a searing wretch

Illustrated notes

Levels and vault maps discovered:
D:        sprint_v [room_start, room_1, room_2, room_3, room_4, room_5, room_6,
          room_7, room_8, room_9, room_10, room_11, room_12, room_13, room_14,
          room_15, room_16, room_17, room_18, room_19, room_20, room_21,
          room_22, room_23, room_24, room_25, room_26, room_27]

Skill      XL: |  1  2  3  4  5  6  7  8  9 10 11 12 |
---------------+-------------------------------------+-----
Fighting       | 5 7 11 15 | 15.5
Long Blades    | 3 9 12 15 17 18 20 21 | 21.3
Armour         | 5 8 12 13 | 13.3
Shields        | 5 8 12 13 | 13.0
Stealth        | 3 4 5 6 7 |  7.3
Dodging        | 1 5 6 7 8 9 |  9.5
Evocations     | 3 4 |  4.8
Invocations    | 2 3 5 |  5.7
Polearms       | 1 2 |  2.1
Spellcasting   | 3 6 |  6.9
Throwing       | 1 |  1.0
Ice Magic      | 3 |  3.9
Earth Magic    | 4 |  4.1
Maces & Flails | 3 |  3.3

Action                     |  1- 3 |  4- 6 |  7- 9 | 10-12 || total
---------------------------+-------+-------+-------+-------++-------
  Melee: Double sword      |     5 |    10 |    31 |    45 ||    91
         Headbutt          |     1 |     2 |     5 |    18 ||    26
         Lance             |       |       |     4 |    50 ||    54
         Eudemon blade     |       |       |       |    22 ||    22
  Throw: Throwing net      |       |       |       |     3 ||     3
 Invoke: Heroism           |       |       |     2 |     8 ||    10
         Finesse           |       |       |       |     2 ||     2
  Evoke: Wand              |       |       |     7 |    16 ||    23
    Use: Potion            |       |       |    11 |    12 ||    23
         Scroll            |       |       |       |    10 ||    10
   Stab: Sleeping          |     1 |       |       |       ||     1
         Invisible         |       |       |       |     4 ||     4
         Confused          |       |       |       |     1 ||     1
 Armour: Shadow dragon sca |       |     7 |    86 |   151 ||   244
  Dodge: Dodged            |       |     2 |    24 |    53 ||    79
  Block: Tower shield      |     1 |     2 |    61 |   151 ||   215

Table legend: (Time is in decaauts)
 A = Elapsed time spent in this place.
 B = Non-inter-level travel time spent in this place.
 C = Inter-level travel time spent in this place.
 D = Time resting spent in this place.
 E = Time spent auto-exploring this place.
 F = Levels seen in this place.
 G = Mean time per level.
                   A        B        C        D        E       F      G
               +--------+--------+--------+--------+--------+-----+--------+
         Total |   1880 |   1804 |     76 |   1065 |    218 |   1 | 1880.0 |
       Dungeon |   1880 |   1804 |     76 |   1065 |    218 |   1 | 1880.0 |
               +--------+--------+--------+--------+--------+-----+--------+

Top non-repeatable levels by time:
       D: 1880 daAuts
